[Event "*** Titled Tuesday Blitz"]
[Site "Chess.com"]
[Date "2020.05.12"]
[Round "3"]
[White "12teen"]
[Black "ezkybel"]
[Result "1/2-1/2"]
[WhiteElo "2765"]
[BlackElo "2514"]
[TimeControl "180+1"]
[EndTime "10:28:27 PDT"]
[Termination "Game drawn by agreement"]

1. g3 g6 2. Bg2 Bg7 3. e4 d6 4.
Nc3 c6 5. f4 Nf6 6. Nf3 Qc7 7.
h3 O-O 8. O-O e5 9. d3 exf4 10.
Bxf4 Nh5 11. Ne2 Nxf4 12. gxf4 Bxb2 13. Rb1 Bg7 14. d4 Be6 15. a3 Bc4 16. Rf2 Bxe2 17. Rxe2 Nd7 18. c3 Rfe8 19. Qb3 b6 20. Rbe1 Re7 21.
e5 d5 22. f5 Rae8 23. Qc2 Nxe5 24. dxe5 Bxe5 25. Qd3 Bg3 26. Rxe7 Rxe7 27. Rf1 Bf4 28. Kh1 Re3 29. Qd4 Re4 30. Qf6 Qd6 31. Qh4 Be3 32.
Qe1 Bc5 33. Qc1 Qg3 34. Qg5 Qxg5 35. Nxg5 Re5 36. h4 h6 37. fxg6 hxg5 38. gxf7+ Kf8 39. h5 g4 40. Kh2 Rxh5+ 41. Kg3 Rg5 42. a4 Bd6+ 43. Kh4 Be7 44. Kg3 Rg7 45. c4 Bd6+ 46. Kh4 Rxf7 47. Rxf7+ Kxf7 48. cxd5 cxd5 49. Bxd5+ Kf6 50.
Kxg4 Ke5 51. Bc6 Kd4 52. Kf3 Kc5 53. Be8 a6 54. Ke4 b5 55. axb5 a5 56. Kd3 a4 57.
Kc2 Kb4 58. Kb2 Bc7 59. Ka2 Bb6 60. Bc6 Bc7 61. Be8 Bb6 62. Bd7 1/2-1/2

[Event "*** Titled Tuesday Blitz"]
[Site "Chess.com"]
[Date "2020.05.12"]
[Round "3"]
[White "Harut-1998"]
[Black "Hasangatin_Ramil"]
[Result "1-0"]
[WhiteElo "2756"]
[BlackElo "2557"]
[TimeControl "180+1"]
[EndTime "10:28:28 PDT"]
[Termination "Harut-1998 won on time"]

1. d4 d6 2. Nf3 Bg4 3. Nbd2 Nf6 4. h3 Bh5 5. e4 e6 6. Bd3 Be7 7. O-O O-O 8. c3 d5 9. e5 Nfd7 10. b4 a5 11. b5 c5 12. a4 Nb6 13. Ba3 N8d7 14. Qc2 Bg6 15. Bxg6 hxg6 16. Rfe1 cxd4 17. cxd4 Rc8 18. Qd3 Bxa3 19. Qxa3 Nc4 20. Nxc4 Rxc4 21. Rac1 Nb6 22. Rxc4 Nxc4 23. Qc1 Qe7 24. Qf4 f6 25. exf6 gxf6 26. Qh6 Qg7 27. Qxg7+ Kxg7 28. Rxe6 Nb2 29. Re2 Nxa4 30. Ra2 Nc3 31. Rxa5 b6 32. Ra3 Nxb5 33.
Rb3 Nd6 34. Rxb6 Ne4 35. Rb7+ Rf7 36. Rxf7+ Kxf7 37. h4 g5 38. Kf1 g4 39. Ne1 g3 40.
fxg3 Nxg3+ 41. Kf2 Nf5 42. Nf3 Nh6 43. Kg3 Ke6 44. Kf4 f5 45. Kg5 Ng4 46. h5 Ne3 47.
h6 Kf7 48. Ne5+ Kg8 49. Kg6 1-0

[Event "*** Titled Tuesday Blitz"]
[Site "Chess.com"]
[Date "2020.05.12"]
[Round "3"]
[White "renehp"]
[Black "1stSecond"]
[Result "0-1"]
[WhiteElo "2419"]
[BlackElo "2676"]
[TimeControl "180+1"]
[EndTime "10:28:28 PDT"]
[Termination "1stSecond won by resignation"]

1. e4 e5 2. Nf3 Nc6 3. d4 exd4 4.
Nxd4 Bc5 5. Nb3 Bb6 6. Nc3 Nf6 7. Qe2 d6 8. Bg5 h6 9. Bh4 Be6 10. O-O-O g5 11. Bg3 Qe7 12. h4 O-O-O 13. hxg5 hxg5 14. Rxh8 Rxh8 15. Qd2 Nh5 16. Nd5 Bxd5 17. exd5 Nxg3 18. dxc6 Nxf1 19. cxb7+ Kxb7 20. Rxf1 Qe5 21. a4 a5 22. g3 Re8 23. Kb1 Qf5 24. f4 Re4 25. Qd3 gxf4 26. gxf4 Qe6 27. Qb5 Ka7 28. f5 Qc4 29. Nd2 Qxa4 30.
Qxa4 Rxa4 31. b3 Rb4 32. c3 Rg4 33. Kc2 Rg2 34. Kd3 Rg3+ 35. Kc2 d5 36. Re1 Rg2 37. Re7 Kb7 38. Kd3 Rg3+ 39. Kc2 f6 40. Re6 Be3 41. Nf1 Rg2+ 42. Kd3 Bg5 0-1

[Event "*** Titled Tuesday Blitz"]
[Site "Chess.com"]
[Date "2020.05.12"]
[Round "3"]
[White "lupta_robin"]
[Black "GuerrieroFromLevant"]
[Result "1-0"]
[WhiteElo "2576"]
[BlackElo "2379"]
[TimeControl "180+1"]
[EndTime "10:28:28 PDT"]
[Termination "lupta_robin won by checkmate"]

1. e4 e6 2. d4 d5 3. Nc3 Nf6 4. e5 Nfd7 5. f4 c5 6. Nf3 Nc6 7. Be3 a6 8. Qd2 b5 9. a3 Qa5 10.
dxc5 Bxc5 11. Bf2 b4 12. Nd1 Qb6 13. axb4 Qxb4 14. c3 Qb6 15. Bd3 Rb8 16. b4 Bxf2+ 17. Nxf2 g6 18. O-O a5 19. b5 Ne7 20. Nd4 Nc5 21. Be2 Bd7 22. Rfb1 Nf5 23. g4 Nxd4 24. cxd4 Nb7 25. Kg2 Ke7 26. Qe3 Rhc8 27. Nh3 Rc2 28. Rc1 Rbc8 29. Rxc2 Rxc2 30. Rc1 Rxc1 31. Qxc1 Qxd4 32.
Qc7 Qb2 33. Kf2 Qd4+ 34. Kf1 Qa1+ 35. Kg2 Qb2 36. Ng1 Nd8 37. b6 Qb4 38. Nf3 a4 39. Ng5 a3 40. Nxh7 Qb2 41. Kf3 Qb3+ 42. Kf2 a2 43. Nf6 Qa4 44. Qd6# 1-0

[Event "*** Titled Tuesday Blitz"]
[Site "Chess.com"]
[Date "2020.05.12"]
[Round "3"]
[White "maurito96"]
[Black "Anna_ChessMate"]
[Result "0-1"]
[WhiteElo "2214"]
[BlackElo "2498"]
[TimeControl "180+1"]
[EndTime "10:28:28 PDT"]
[Termination "Anna_ChessMate won on time"]

1. Nf3 Nf6 2. c4 g6 3. Nc3 d5 4. cxd5 Nxd5 5. e4 Nxc3 6. dxc3 Qxd1+ 7. Kxd1 Bg7 8. Kc2 O-O 9. Bf4 c6 10. Bc4 Nd7 11. a4 Nc5 12. Rhe1 h6 13. a5 a6 14. b4 Ne6 15. Be3 g5 16. g3 Kh8 17. Rad1 Nc7 18. Nd4 Nb5 19. Bxb5 axb5 20. Nf5 Be6 21. Nxe7 Kh7 22.
Nf5 Bf6 23. f4 gxf4 24. gxf4 Rg8 25. Rg1 Rge8 26. Nd4 Bc4 27. e5 Bh8 28. Nf5 Bd5 29. Nd6 Re7 30. Rg3 f6 31. Bd4 fxe5 32. fxe5 Rf8 33. Re1 Be6 34. Kd2 h5 35. h4 Bg7 36.
Reg1 Bh6+ 37. Kd3 Bg4 38. Ne4 Bf5 39. Re1 Rd8 40. Rf3 Rxe5 41. Rxf5 Rxf5 42. Rg1 Rf4 43. Nc5 Rg4 44. Re1 Rg7 45. Ne6 Re7 46. Re4 Rd5 0-1

[Event "*** Titled Tuesday Blitz"]
[Site "Chess.com"]
[Date "2020.05.12"]
[Round "3"]
[White "zurzan"]
[Black "Majesth"]
[Result "0-1"]
[WhiteElo "1983"]
[BlackElo "2464"]
[TimeControl "180+1"]
[EndTime "10:28:28 PDT"]
[Termination "Majesth won by resignation"]

1. f4 g6 2. Nf3 Bg7 3. g3 d6 4.
Bg2 e5 5. O-O exf4 6. gxf4 d5 7.
d3 Nf6 8. c3 O-O 9. Qe1 Re8 10. Ne5 Nbd7 11. d4 Nf8 12. Nd2 Bf5 13. Ndf3 Ne4 14. Nh4 Bc8 15. f5 Bxe5 16. dxe5 Rxe5 17.
Bf4 Re8 18. fxg6 hxg6 19. Nf3 Bg4 20. Ne5 Bf5 21. Rd1 c6 22. c4 Qf6 23. cxd5 Rxe5 24. Bxe5 Qxe5 25. dxc6 bxc6 26. e3 Ne6 27. Qb4 c5 28.
Qb7 Rf8 29. Qxa7 Qxb2 30. Rb1 Qe5 31. Qb7 Nd2 32. e4 Bg4 33. Rxf7 Rxf7 34. Qc8+ Rf8 35. Qb7 Nxb1 36. Qxb1 Qd4+ 37. Kh1 Bf3 38. Qf1 Bxg2+ 39. Qxg2 Qd1+ 40. Qg1 Rf1 0-1

[Event "*** Titled Tuesday Blitz"]
[Site "Chess.com"]
[Date "2020.05.12"]
[Round "3"]
[White "alexwinter25"]
[Black "EnergeticHay"]
[Result "1-0"]
[WhiteElo "2359"]
[BlackElo "2146"]
[TimeControl "180+1"]
[EndTime "10:28:28 PDT"]
[Termination "alexwinter25 won by resignation"]

1. e4 c5 2. Nf3 d6 3. d4 cxd4 4. c3 Nf6 5. Bd3 dxc3 6. Nxc3 Nc6 7. h3 e6 8. O-O Be7 9. Qe2 O-O 10. Rd1 a6 11. e5 Ne8 12. exd6 Bxd6 13. Ne4 Qe7 14. Bg5 f6 15. Nxd6 Nxd6 16. Bf4 e5 17. Bg3 Bf5 18.
Bc4+ Nxc4 19. Qxc4+ Be6 20. Qe2 Rfd8 21. h4 Rxd1+ 22.
Qxd1 Rd8 23. Qa4 Qb4 24. Qc2 Bg4 25. a3 Qd6 26. Qb3+ Qd5 27. Qxb7 Bxf3 28. gxf3 Qxf3 29.
Rc1 Nd4 30. Qxf3 Nxf3+ 31. Kg2 Nd4 32. Rc7 Kf8 33. b4 Re8 34. Ra7 Re6 35. f3 Nc2 36.
Ra8+ Kf7 37. h5 Nxa3 38. Bf2 Nc2 39. Bc5 Ne1+ 40. Kg3 Nd3 41. Ra7+ Kg8 42. Ra8+ Re8 43. Rxe8+ Kf7 44. Re7+ Kf8 45. Ra7+ Ke8 46. Rxg7 1-0

[Event "*** Titled Tuesday Blitz"]
[Site "Chess.com"]
[Date "2020.05.12"]
[Round "3"]
[White "AsselLesbekova"]
[Black "BhulseATX"]
[Result "1/2-1/2"]
[WhiteElo "2280"]
[BlackElo "1967"]
[TimeControl "180+1"]
[EndTime "10:28:28 PDT"]
[Termination "Game drawn by repetition"]

1. e4 c6 2. d4 d5 3. Nd2 dxe4 4. Nxe4 Nd7 5. c3 Ngf6 6. Bd3 Nxe4 7. Bxe4 Nf6 8. Bc2 Bg4 9. Ne2 e6 10. Bf4 Bd6 11. f3 Bh5 12. Qd2 Bg6 13. Bb3 Nd5 14.
Bxd6 Qxd6 15. h4 h6 16. O-O-O a5 17. h5 Bh7 18. Bc2 Bxc2 19. Kxc2 O-O 20. g4 e5 21.
g5 hxg5 22. Qxg5 exd4 23. h6 Qg6+ 24. Qxg6 fxg6 25. hxg7 Kxg7 26. Rxd4 Rxf3 27. Rdh4 Re8 28. Rh7+ Kf6 29. Nd4 Rf2+ 30. Kb3 c5 31. Nb5 Ree2 32. Rb1 a4+ 33. Kxa4 Rxb2 34. Rxb2 Rxb2 35. Rxb7 Rxa2+ 36. Kb3 Rd2 37. Nd6 Ke6 38. Ne4 Re2 39. Nxc5+ Kd6 40. Nd3 Re3 41. Kc4 Kc6 42. Rg7 Ne7 43. Nb4+ Kd6 44. Nd3 Re4+ 45. Kb3 Re3 46. Kc4 Re4+ 47.
Kb3 Re3 48. Kc4 1/2-1/2

[Event "*** Titled Tuesday Blitz"]
[Site "Chess.com"]
[Date "2020.05.12"]
[Round "3"]
[White "Shubinkirill2003"]
[Black "VALPARAISO37"]
[Result "1-0"]
[WhiteElo "2585"]
[BlackElo "2388"]
[TimeControl "180+1"]
[EndTime "10:28:29 PDT"]
[Termination "Shubinkirill2003 won on time"]

1. e4 e5 2. Nf3 Nc6 3. Bb5 a6 4. Ba4 Nf6 5. O-O b5 6. Bb3 Bc5 7. c3 d6 8. d4 Bb6 9. a4 Rb8 10.
a5 Ba7 11. h3 O-O 12. Be3 Re8 13. Nbd2 exd4 14. cxd4 h6 15. Qc2 Nb4 16. Qc3 c5 17. dxc5 dxc5 18. Bxc5 Bxc5 19. Qxc5 Nd3 20. Qc3 Nf4 21. Qe3 Nd3 22. e5 Bb7 23. Rab1 Nh5 24.
Rfd1 Nhf4 25. Ne4 Rc8 26. Nd6 Bxf3 27. Qxf3 Qg5 28. Nxf7 Qg6 29. Nd6+ Kh7 30. Nxe8 Rxe8 31. Bc2 Rd8 32. e6 Kh8 33. e7 Re8 34. Bxd3 Nxd3 35. Qxd3 Qf6 36. Qd8 Qxe7 37. Qxe7 Rxe7 38. Rd6 Re4 39.
Rxa6 Ra4 40. b4 Ra2 41. Rb6 Rb2 42. Rxb2 h5 43. Rxb5 g5 44. a6 g4 45. a7 h4 46.
a8=Q+ Kh7 47. Qc6 1-0

[Event "*** Titled Tuesday Blitz"]
[Site "Chess.com"]
[Date "2020.05.12"]
[Round "3"]
[White "1Przemyslaw1"]
[Black "bazar-wokzal"]
[Result "0-1"]
[WhiteElo "2346"]
[BlackElo "2549"]
[TimeControl "180+1"]
[EndTime "10:28:29 PDT"]
[Termination "bazar-wokzal won on time"]

1. d4 Nf6 2. Nf3 e6 3. g3 b5 4.
Bg2 Bb7 5. O-O c5 6. c3 Na6 7. Nbd2 Be7 8. Re1 O-O 9. e4 cxd4 10.
cxd4 Rc8 11. a3 Qb6 12. e5 Nd5 13. Ne4 f5 14. exf6 gxf6 15. Bh6 Rf7 16. Nfd2 Kh8 17.
Qh5 Kg8 18. Rac1 Bf8 19. Nb3 Qd8 20. Bxf8 Qxf8 21. Nbc5 Nxc5 22. dxc5 f5 23. Nd6 Nf6 24. Qxf7+ Qxf7 25. Nxf7 Bxg2 26. Nh6+ Kg7 27. Nxf5+ exf5 28. Kxg2 Kg6 29. b4 Rc6 30. Rcd1 Ra6 31. Rd3 Ra4 32.
f3 a5 33. Rb1 axb4 34. Rxb4 Ra5 35. Rdb3 h5 36. Rxb5 Ra4 37. Rb6 Kf7 38. c6 dxc6 39.
Rxc6 Ra7 40. Rcb6 Ra4 41. R6b4 Ra5 42. h4 Ra8 43. Rb7+ Kg6 44. R7b6 Rc8 45. Rd3 Rc2+ 46. Kf1 Kf7 47. Rdd6 Ne8 48. Rb7+ Kf8 49. Rd8 Rc3 0-1

[Event "*** Titled Tuesday Blitz"]
[Site "Chess.com"]
[Date "2020.05.12"]
[Round "3"]
[White "top_bu_tz"]
[Black "Mizner"]
[Result "0-1"]
[WhiteElo "2211"]
[BlackElo "2498"]
[TimeControl "180+1"]
[EndTime "10:28:29 PDT"]
[Termination "Mizner won by resignation"]

1. e4 e6 2. d4 d5 3. Nc3 Nf6 4. e5 Nfd7 5. Nce2 c5 6. c3 Nc6 7. a3 b5 8. f4 a5 9. Nf3 Ba6 10. dxc5 b4 11. axb4 axb4 12. Rxa6 Rxa6 13. Ned4 Nxd4 14.
Nxd4 Ra1 15. cxb4 Qb8 16. Nc2 Rb1 17. Bd3 Bxc5 18. bxc5 Nxc5 19. O-O Nb3 20. Na3 Qb6+ 21. Kh1 Rxc1 22. Bb5+ Ke7 23. Qe2 Rhc8 24. Qg4 Qxb5 25.
Qg5+ Ke8 26. Rg1 Rxg1+ 27. Kxg1 Rc1+ 28. Kf2 Qc5+ 29. Kg3 Qe3+ 30. Kg4 Qe2+ 31. Kh3 Rg1 32. Qxg7 Qh5+ 33. Kg3 Qg6+ 34. Qxg6 hxg6 35. Nb5 Rb1 36. Nd6+ Kf8 37. Nb5 Rxb2 38. Nd4 Nxd4 0-1

[Event "*** Titled Tuesday Blitz"]
[Site "Chess.com"]
[Date "2020.05.12"]
[Round "3"]
[White "temus_galaktionov"]
[Black "Riptide27"]
[Result "0-1"]
[WhiteElo "2746"]
[BlackElo "2584"]
[TimeControl "180+1"]
[EndTime "10:28:30 PDT"]
[Termination "Riptide27 won by resignation"]

1. d4 d5 2. Nf3 Nf6 3. c4 dxc4 4. e3 g6 5. Bxc4 Bg7 6. O-O O-O 7. Nc3 Nc6 8. h3 Bf5 9. Re1 Ne4 10. Bd3 Nxc3 11.
bxc3 Bxd3 12. Qxd3 e5 13. Ba3 Re8 14. Qb5 Rb8 15.
Rad1 a6 16. Qc4 e4 17. Nd2 Qd7 18. Nb3 b6 19. d5 Nd8 20. Qxa6 Bxc3 21. Re2 Nb7 22.
Rc2 Be5 23. Qc4 Ra8 24. Bb4 Ra4 25. a3 Na5 26. Nxa5 bxa5 27. Qb3 axb4 28. axb4 Rb8 29. Rc4 Bd6 30. Rxe4 Raxb4 31. Rxb4 Rxb4 32. Qc3 Qb5 33. g3 Rb3 34. Qd4 Bf8 35. Kg2 Bg7 36. Qh4 Qe2 37. Qd8+ Bf8 38. Rc1 Rb2 39. Qf6 Be7 40. Qf4 Bd6 41.
Qf6 Qd2 42. Ra1 Qxd5+ 43. Kh2 Be5 44. Ra8+ Qxa8 0-1

[Event "*** Titled Tuesday Blitz"]
[Site "Chess.com"]
[Date "2020.05.12"]
[Round "3"]
[White "Manukyan_Artak"]
[Black "Rud_Makarian"]
[Result "1-0"]
[WhiteElo "2416"]
[BlackElo "2615"]
[TimeControl "180+1"]
[EndTime "10:28:30 PDT"]
[Termination "Manukyan_Artak won by resignation"]

1. e4 e5 2. Nf3 Nc6 3. d4 exd4 4.
Nxd4 d6 5. Nxc6 bxc6 6. Bc4 Be7 7.
O-O Nf6 8. Nc3 O-O 9. Bg5 Nd7 10. Bxe7 Qxe7 11. Re1 Rb8 12. Bb3 Nc5 13. Qd4 a5 14.
Re3 Rb4 15. Qd2 a4 16. a3 Rxb3 17. cxb3 Nxb3 18. Qe1 Nxa1 19. Qxa1 Be6 20. Nxa4 c5 21. Nc3 Rb8 22. h3 Qg5 23. a4 c4 24. a5 Ra8 25. a6 Qc5 26. Nd5 h6 27. b4 Qa7 28.
Rg3 g6 29. Qf6 Bxd5 30. exd5 g5 31. Qxh6 f6 32. Qxf6 c5 33. Rxg5+ Kh7 34. Qf5+ Kh8 35. Qg4 Qh7 36. Rh5 c3 37. Rxh7+ Kxh7 38. Qf5+ Kh8 39. Qf6+ Kg8 40. Qxc3 1-0

[Event "*** Titled Tuesday Blitz"]
[Site "Chess.com"]
[Date "2020.05.12"]
[Round "3"]
[White "jonaszmb"]
[Black "The_Machine04"]
[Result "0-1"]
[WhiteElo "2508"]
[BlackElo "2321"]
[TimeControl "180+1"]
[EndTime "10:28:30 PDT"]
[Termination "The_Machine04 won by resignation"]

1. e4 d6 2. d4 Nf6 3. Nc3 e5 4. dxe5 dxe5 5. Qxd8+ Kxd8 6. Bg5 Be6 7. O-O-O+ Nd7 8.
Nf3 Bd6 9. Nb5 Ke7 10. Nxd6 cxd6 11. Kb1 h6 12. Bxf6+ Nxf6 13. Bd3 a6 14. Rhe1 b5 15.
h3 Rhb8 16. Nd2 a5 17. Nf1 a4 18. Ne3 g6 19. f3 b4 20. Bc4 Ra5 21. Bxe6 fxe6 22.
Rxd6 Kxd6 23. Nc4+ Kc5 24. Nxa5 Rb5 25. Rd1 Rxa5 26. Rd8 Ra6 27. c3 b3 28. axb3 axb3 29. Rb8 Rb6 30. Rc8+ Kd6 31. Kc1 Nh5 32. Rg8 Nf4 33.
Kd2 g5 34. g3 Nxh3 35. Rh8 g4 36. Rxh6 Ng5 37. fxg4 Nxe4+ 38. Kd3 Nc5+ 39. Kc4 Ra6 40. g5 Ra4+ 41. Kb5 Rg4 42. g6 Nd3 43. c4 Nxb2 44. c5+ Kd5 45. c6 Nc4 46. c7 Nd6+ 47. Ka5 b2 48.
Rh1 Kc6 49. Rb1 Kxc7 50. Rxb2 Rxg6 51. Re2 e4 52. Kb4 Rxg3 53. Kc5 Rc3+ 54. Kd4 Rd3+ 55.
Ke5 Kc6 56. Kxe6 Kc5 57. Rc2+ Kb4 58. Ke5 Kb3 59. Rc6 e3 60. Rc1 Kb2 61. Rh1 Kc3 62. Kf4 Nc4 63. Re1 Kd2 64. Rh1 e2 65. Rh2 Re3 66. Kg4 Kd1 0-1

[Event "*** Titled Tuesday Blitz"]
[Site "Chess.com"]
[Date "2020.05.12"]
[Round "3"]
[White "silverback96"]
[Black "Grandmaster2B"]
[Result "1-0"]
[WhiteElo "2243"]
[BlackElo "2486"]
[TimeControl "180+1"]
[EndTime "10:28:30 PDT"]
[Termination "silverback96 won by resignation"]

1. Nf3 Nf6 2. g3 c5 3. Bg2 Nc6 4. O-O d5 5. c4 d4 6. e3 Bf5 7. exd4 cxd4 8. Re1 e6 9. d3 Be7 10. Na3 O-O 11. Nc2 a5 12. Rb1 Qb6 13. Ne5 Nxe5 14. Rxe5 Bc5 15. b3 Nd7 16. Re1 Bd6 17. a3 Nc5 18. Bf1 e5 19. b4 Na4 20. Bd2 axb4 21. axb4 Qc7 22. Na3 f6 23. Nb5 Qd7 24. Nxd6 Qxd6 25.
Qb3 Kh8 26. Ra1 Nb6 27. Bg2 Qc7 28. c5 Nd7 29. Qd5 Rab8 30. Ra3 Rfd8 31. Qc4 Nf8 32. b5 Ne6 33. Bb4 Rbc8 34. b6 Qd7 35. Ra7 Qe8 36. Rxb7 Rb8 37. Rxb8 Rxb8 38. Ba5 Nd8 39. c6 Be6 40. c7 Rc8 41. cxd8=Q Qxd8 42. Qxe6 1-0

[Event "*** Titled Tuesday Blitz"]
[Site "Chess.com"]
[Date "2020.05.12"]
[Round "3"]
[White "Firehand33"]
[Black "ristingho"]
[Result "1-0"]
[WhiteElo "2733"]
[BlackElo "2510"]
[TimeControl "180+1"]
[EndTime "10:28:31 PDT"]
[Termination "Firehand33 won by resignation"]

1. Nf3 c5 2. b3 Nc6 3. Bb2 d5 4.
g3 f6 5. Bg2 e5 6. O-O Be6 7.
e3 Bd6 8. d4 cxd4 9. exd4 e4 10.
Nfd2 Nge7 11. c4 f5 12. Nc3 O-O 13. cxd5 Nxd5 14. Nc4 Bb4 15. Nxd5 Bxd5 16. Ne3 Ne7 17.
Qe2 Rc8 18. Qb5 Qb6 19. Qxb6 axb6 20. Rac1 Bd2 21. Rxc8 Rxc8 22. Ba3 Bxe3 23. fxe3 Kf7 24. Bxe7 Kxe7 25. Rxf5 Rc1+ 26. Bf1 Be6 27. Re5 Kd6 28. Kf2 Rc2+ 29. Ke1 Rxa2 30. Bc4 Bxc4 31. bxc4 Rxh2 32. Rxe4 Rc2 33. d5 b5 34. cxb5 Kxd5 35. Re7 Rg2 36. Rxg7 Kc5 37. Rxh7 Kxb5 38. Rxb7+ Kc4 39. Rg7 Kd3 40.
Kf1 Rh2 41. Re7 Ra2 42. Re5 Rb2 43. g4 Rb4 44. g5 Rb2 45. g6 Rb6 46. g7 Rg6 47.
Re7 Rg5 48. Kf2 Rg6 49. Kf3 Rg5 50. Kf4 Rg1 51. Rd7+ Ke2 52. e4 Rf1+ 53. Ke5 Rg1 54. Kf6 Ke3 55. Kf7 Rf1+ 56. Ke8 Rg1 57. Kf8 1-0

[Event "*** Titled Tuesday Blitz"]
[Site "Chess.com"]
[Date "2020.05.12"]
[Round "3"]
[White "atalz0"]
[Black "yobdc"]
[Result "0-1"]
[WhiteElo "2447"]
[BlackElo "1816"]
[TimeControl "180+1"]
[EndTime "10:28:31 PDT"]
[Termination "yobdc won on time"]

1. d4 Nf6 2. c4 e6 3. Nc3 Bb4 4. Qc2 O-O 5. e4 d5 6. e5 Ne4 7.
Bd3 c5 8. Nf3 cxd4 9. Nxd4 Nd7 10.
Bxe4 dxe4 11. Qxe4 Qc7 12. O-O Qxe5 13. Qh4 Nf6 14.
Ndb5 a6 15. Bf4 Qh5 16. Qxh5 Nxh5 17. Bd6 Bxd6 18. Nxd6 Rd8 19. c5 Nf6 20. Rfd1 Rb8 21. b4 Bd7 22. Nc4 Bc6 23. Na5 Bd5 24. f3 Rdc8 25.
a3 b6 26. Nxd5 Nxd5 27. cxb6 Rxb6 28. Rac1 Rxc1 29. Rxc1 g5 30. Rc8+ Kg7 31. Kf2 h5 32. g3 g4 33. f4 Rd6 34. Nc4 Rd7 35. Ne5 Rd6 36. Rc6 Rd8 37. Rxa6 Nc3 38. Ra7 Rd2+ 39. Ke3 Rxh2 40. Rxf7+ Kg8 41. Rd7 h4 42. Nxg4 hxg3 0-1

[Event "*** Titled Tuesday Blitz"]
[Site "Chess.com"]
[Date "2020.05.12"]
[Round "3"]
[White "manuellarrea"]
[Black "JorgeElias99"]
[Result "0-1"]
[WhiteElo "2186"]
[BlackElo "2422"]
[TimeControl "180+1"]
[EndTime "10:28:31 PDT"]
[Termination "JorgeElias99 won by resignation"]

1. e4 c5 2. Nf3 d6 3. d4 cxd4 4. Nxd4 Nf6 5. Nc3 a6 6. Bg5 e6 7. f4 h6 8. Bh4 Qb6 9. Qd2 Qxb2 10. Rb1 Qa3 11. e5 dxe5 12. fxe5 Nfd7 13. Rb3 Qa5 14. Be2 Nc6 15. Nxc6 bxc6 16. O-O Bc5+ 17. Kh1 O-O 18. Qf4 Qc7 19. Ne4 f5 20. exf6 Qxf4 21.
Rxf4 g5 22. Rg3 Rb8 23. Bxg5 Rb1+ 24. Bf1 hxg5 25. Rxg5+ Kf7 26. Rg7+ Ke8 27. f7+ Ke7 28. Nxc5 Nxc5 29. h4 a5 30. h5 Ba6 31. Kg1 Rxf1+ 32.
Rxf1 Bxf1 33. Rg5 Rxf7 34. Rxc5 Bb5 35. c4 Kd6 36. Rg5 Bxc4 37. Rxa5 Bd5 38. Ra3 Rg7 39. g3 Rg5 40. h6 Rh5 0-1

[Event "*** Titled Tuesday Blitz"]
[Site "Chess.com"]
[Date "2020.05.12"]
[Round "3"]
[White "SketchyMoves"]
[Black "exoticprincess"]
[Result "1/2-1/2"]
[WhiteElo "2636"]
[BlackElo "2834"]
[TimeControl "180+1"]
[EndTime "10:28:32 PDT"]
[Termination "Game drawn - insufficient material"]

1. b3 d5 2. Bb2 c5 3. e3 Nc6 4.
Nf3 Bg4 5. Bb5 Rc8 6. h3 Bxf3 7. Qxf3 e6 8. O-O Ne7 9. d3 a6 10. Bxc6+ Nxc6 11. Nd2 d4 12. e4 Be7 13. Qe2 e5 14. g3 h5 15. f4 h4 16. g4 exf4 17. Rxf4 Bg5 18. Rff1 Ne5 19. Nc4 Ng6 20. Bc1 Bxc1 21.
Raxc1 b5 22. Nd2 O-O 23. Rf5 Ne7 24. Rf2 Re8 25. Rcf1 f6 26. Nf3 Ng6 27. Nd2 Qd6 28.
Rf5 Ne7 29. Rh5 g6 30. e5 Nd5 31. exd6 Rxe2 32. Rxd5 Rxd2 33. Rxf6 Rxc2 34. Rxg6+ Kf7 35.
Rh6 Rd8 36. Rxh4 Ke6 37. Rhh5 Rxd6 38. Rxc5 Rxa2 39. Rh6+ Kd7 40. Rh7+ Ke6 41. Rf5 Rd2 42. Rf3 Rd8 43. Rh6+ Ke7 44. Rxa6 Rc8 45. Ra7+ Ke6 46. Ra1 Rcc2 47. Re1+ Kd6 48. Rg3 Rc3 49. g5 Rdxd3 50.
Rxd3 Rxd3 51. Kg2 Rxb3 52. Rg1 Ke7 53. h4 Kf7 54. Kh2 Rb2+ 55. Kh3 d3 56. Rd1 d2 57. Kg3 Rb3+ 58. Kf4 Rb4+ 59. Ke3 Rxh4 60. Rxd2 b4 61. Rb2 Ke6 62. Kd3 Kd5 63. Rg2 Ke6 64. g6 Rh8 65. g7 Rg8 66. Kc4 Kf7 67. Kxb4 Rxg7 68. Rxg7+ Kxg7 1/2-1/2

[Event "*** Titled Tuesday Blitz"]
[Site "Chess.com"]
[Date "2020.05.12"]
[Round "3"]
[White "garicradomir"]
[Black "Anton_Demchenko"]
[Result "0-1"]
[WhiteElo "2343"]
[BlackElo "2825"]
[TimeControl "180+1"]
[EndTime "10:28:32 PDT"]
[Termination "Anton_Demchenko won on time"]

1. e4 e5 2. Nf3 Nc6 3. Nc3 Nf6 4. Bb5 Bd6 5. d3 h6 6. a3 a6 7. Bc4 b5 8. Ba2 Bb7 9. h3 Be7 10. O-O O-O 11. Be3 d6 12. d4 exd4 13. Nxd4 Nxd4 14.
Qxd4 c5 15. Qd3 c4 16. Qd4 d5 17. exd5 Nxd5 18. Nxd5 Qxd5 19. Qxd5 Bxd5 20. Rad1 Be6 21. c3 a5 22. Bb1 b4 23. axb4 axb4 24. f4 f5 25. Rfe1 Kf7 26. Bd4 g6 27. Re2 Rfe8 28. Rde1 Bd6 29. Be5 Bc5+ 30. Kh2 b3 31. g3 h5 32. Rd2 Rad8 33. Red1 Rxd2+ 34. Rxd2 Ra8 35. g4 fxg4 36. hxg4 Bxg4 37. Bd4 Rd8 38. Kg3 Be7 39. Rf2 Bf5 0-1

[Event "*** Titled Tuesday Blitz"]
[Site "Chess.com"]
[Date "2020.05.12"]
[Round "3"]
[White "letantha"]
[Black "ARMQUEEN"]
[Result "1-0"]
[WhiteElo "2160"]
[BlackElo "2335"]
[TimeControl "180+1"]
[EndTime "10:28:32 PDT"]
[Termination "letantha won by resignation"]

1. e4 c5 2. c3 Nf6 3. e5 Nd5 4. Nf3 Nc6 5. Bc4 Nb6 6. Bb3 c4 7. Bc2 d6 8. exd6 Qxd6 9. O-O Bg4 10. Re1 f6 11. h3 Bh5 12. b3 Ne5 13. Be4 O-O-O 14.
Na3 e6 15. Nb5 Qb8 16. g4 Bg6 17. bxc4 Bxe4 18. Rxe4 Nexc4 19. Qe2 e5 20. Rxc4+ Nxc4 21. Qxc4+ Kd7 22. d4 a6 23. Qd5+ Ke8 24. Qe6+ Be7 25.
Ba3 Rd7 26. Bxe7 Rxe7 27. Nd6+ Kf8 28. Qc8+ Qxc8 29. Nxc8 Rc7 30. Nd6 exd4 31. Nxd4 Ke7 32. N6f5+ Kf7 33. Re1 Rhc8 34. h4 Rd8 35. Ne6 Re8 36.
Nfd4 Rxc3 37. h5 b5 38. Kg2 Rc4 39. Re3 Re7 40. Nd8+ Ke8 41. N8e6 b4 42. Nxg7+ Kf7 43. Rxe7+ Kxe7 44. Ngf5+ Kd7 45. f4 a5 46. g5 fxg5 47. fxg5 a4 48. g6 hxg6 49. hxg6 Rc8 50. g7 Rg8 51.
Kf3 Ke8 52. Ke4 Kf7 53. Nh6+ Kxg7 54. Nxg8 b3 55. Nxb3 axb3 56. axb3 Kxg8 57. Kd5 Kf7 58. Kd6 Ke8 59. Kc7 Ke7 60. b4 Ke6 61. b5 Kd5 62. b6 1-0

[Event "*** Titled Tuesday Blitz"]
[Site "Chess.com"]
[Date "2020.05.12"]
[Round "3"]
[White "Mazanchenko_Dmitry"]
[Black "lifeissofun"]
[Result "0-1"]
[WhiteElo "2120"]
[BlackElo "2344"]
[TimeControl "180+1"]
[EndTime "10:28:32 PDT"]
[Termination "lifeissofun won on time"]

1. e4 c5 2. Ne2 d6 3. Nbc3 Nf6 4. g3 a6 5. a4 Nc6 6. Bg2 g6 7. d4 cxd4 8. Nxd4 Bg7 9. Nxc6 bxc6 10. e5 Nd5 11.
Nxd5 cxd5 12. Qxd5 Rb8 13. exd6 Bb7 14. d7+ Kf8 15.
Qxb7 Rxb7 16. Bxb7 Qxd7 17. Bg2 Bf6 18. O-O Kg7 19. c3 Rb8 20. Ra3 h5 21. b4 h4 22.
Bf4 Rc8 23. Rc1 Qd3 24. Bf1 Qe4 25. Bxa6 h3 26. Bf1 g5 27. Bxh3 Rh8 28. Bg2 Qh7 29. Be3 Qxh2+ 30. Kf1 Qh5 31. a5 Rd8 32. f3 g4 33. f4 Qb5+ 34. Kf2 Rd6 35. Bf1 Qd5 36.
Be2 Qh5 37. Rg1 Re6 38. a6 Bh4 39. gxh4 Qxh4+ 40. Rg3 Qh2+ 41. Rg2 g3+ 0-1

[Event "*** Titled Tuesday Blitz"]
[Site "Chess.com"]
[Date "2020.05.12"]
[Round "3"]
[White "agrigo3"]
[Black "NastaJ"]
[Result "1-0"]
[WhiteElo "2290"]
[BlackElo "1971"]
[TimeControl "180+1"]
[EndTime "10:28:32 PDT"]
[Termination "agrigo3 won on time"]

1. Nf3 Nf6 2. d4 e6 3. c4 b6 4.
g3 Bb7 5. Bg2 Be7 6. Nbd2 d5 7.
O-O O-O 8. b3 Nbd7 9. Bb2 Ne4 10. cxd5 exd5 11. Nxe4 dxe4 12. Nd2 f5 13. Rc1 Nf6 14.
Nc4 Nd5 15. Ne5 Qd6 16. Qc2 Rac8 17. Nc6 Bxc6 18. Qxc6 Nb4 19. Qc4+ Qd5 20. Qxd5+ Nxd5 21. a3 c5 22. dxc5 Bxc5 23. b4 Bd6 24. Rfd1 Rxc1 25. Rxc1 Ne7 26. f3 e3 27. f4 Re8 28. Bf3 Ng6 29.
Bd4 Nf8 30. Rc3 Nd7 31. Bxe3 Nf6 32. Bd4 Ne4 33. Rc6 Bb8 34. Kg2 Nd2 35. Bd5+ 1-0